 Dungeon Crawl Stone Soup version 0.20.1-1-g8b1a95d (webtiles) character file.

172 AverageBear the Cutter (level 5, 5/31 HPs)
             Began as a Deep Elf Fighter on July 20, 2017.
             Quit the game on level 2 of the Dungeon.
             The game lasted 00:02:27 (2049 turns).

AverageBear the Cutter (Deep Elf Fighter)           Turns: 2049, Time: 00:02:27

Health: 5/31       AC:  9    Str: 13 (14) XL:     5   Next: 27%
Magic:  7/7        EV:  7    Int: 11 (13) God:
Gold:   126        SH:  8    Dex: 13 (14) Spells: 4/4 levels left

rFire    . . .     SeeInvis .   a - +0 rapier
rCold    . . .     Gourm    .   c - +0 shield
rNeg     . . .     Faith    .   b - +0 scale mail
rPois    .         Spirit   .   (no helmet)
rElec    .         Reflect  .   (no cloak)
rCorr    .         Harm     .   s - +2 pair of gloves
MR       .....                  (no boots)
Stlth    ..........             (no amulet)
Regen    0.1/turn               k - ring of wizardry
MPRegen  0.1/turn               (no ring)

@: about to teleport, hasted, very quick
A: no striking features
a: no special abilities


You were on level 2 of the Dungeon.
You were not hungry.

You visited 1 branch of the dungeon, and saw 3 of its levels.

You collected 126 gold pieces.

Inventory:

Hand Weapons
 a - a +0 rapier (weapon)
 h - a +0 dagger of flaming
Armour
 b - a +0 scale mail (worn)
 c - a +0 shield (worn)
 s - a +2 pair of gloves (worn)
Jewellery
 k - a ring of wizardry (left hand)
Scrolls
 l - a scroll of amnesia
 n - a scroll of fear
 q - a scroll of remove curse
Potions
 d - a potion of might
 j - a potion of ambrosia
 v - a potion of agility
Comestibles
 f - 2 bread rations
 g - 2 chunks of flesh
 m - a royal jelly
 u - a meat ration


   Skills:
 - Level 2.4 Fighting
 - Level 5.2 Short Blades
 - Level 2.4 Armour
 + Level 1.7 Dodging
 - Level 2.4 Shields


You had 4 spell levels left.
You didn't know any spells.

Dungeon Overview and Level Annotations

Branches:
Dungeon (3/15)

Altars:
Dithmenos
Makhleb


Message History

l - a scroll of amnesia The jackal bites you but does no damage.
As you read the scroll labeled JOOZALU MABO, it crumbles to dust.
It is a scroll of enchant armour.
Your +1 pair of gloves glows green for a moment.
The jackal barely misses you. You block the orc's attack.
As you read the scroll labeled RAIGROGIQU, it crumbles to dust.
You assume a fearsome visage.
The jackal looks frightened!
The orc looks frightened!
It was a scroll of fear.
As you read the scroll labeled IHITSU PAHU, it crumbles to dust.
You feel momentarily disoriented.
It was a scroll of magic mapping.
Unknown command.
As you read the scroll labeled PIMA XYKOMYERR, it crumbles to dust.
You feel blessed for a moment.
It was a scroll of remove curse.
A hobgoblin comes into view. It is wielding a club.
Unknown command.
As you read the scroll labeled GIRESO DUSKUEPT, it crumbles to dust.
You feel strangely unstable.
It was a scroll of teleportation.
Unknown command.
Are you sure you want to abandon this character and quit the game? (Confirm with "yes".)

#.........##### #.
#.........#...# ##.
#.........#...## #..
####..............# #..
#...........o.....#####..
#.....#..................
#.....#..................
######.....#.......###........
#....+..h..'.@.[..............
##.###.....##'#.<.####..##....
#.##.........'....g....##....
#.........##.#..........#....
#####.###...................รท.
#.......'.....................
##..#####.....................
#......##....###..............
##.###.##..........#'##.#.....


You could see an orc (fleeing), a jackal (fleeing) and a hobgoblin.

Vanquished Creatures
  An orc priest (D:3)
  Ijyb (D:3)
  Jessica (D:3)
  2 adders
  A worm (D:2)
  3 dart slugs
  4 leopard geckos
  6 orcs (D:3)
  4 giant cockroaches
  7 goblins
  4 hobgoblins
  A jackal (D:3)
  2 quokkas
  2 ball pythons
  6 bats
  3 frilled lizards
  5 kobolds
  2 rats
55 creatures vanquished.

Notes
Turn   | Place    | Note
-------+----------+-------------------------------------------
     0 | D:1      | AverageBear the Deep Elf Fighter began the quest for the Orb.
     0 | D:1      | Reached XP level 1. HP: 13/13 MP: 3/3
   257 | D:1      | Reached XP level 2. HP: 17/18 MP: 4/4
   331 | D:1      | Reached skill level 3 in Short Blades
   940 | D:2      | Reached XP level 3. HP: 22/22 MP: 5/5
  1211 | D:2      | Found a shadowy altar of Dithmenos.
  1342 | D:2      | Reached skill level 4 in Short Blades
  1593 | D:3      | Found a burning altar of Makhleb.
  1594 | D:3      | Noticed Jessica
  1594 | D:3      | Noticed Ijyb
  1604 | D:3      | Killed Jessica
  1604 | D:3      | Reached XP level 4. HP: 26/27 MP: 6/6
  1693 | D:3      | Killed Ijyb
  1693 | D:3      | Reached skill level 5 in Short Blades
  1853 | D:3      | Reached XP level 5. HP: 20/31 MP: 7/7
  2027 | D:3      | Reached skill level 1 in Dodging
  2049 | D:2      | Quit the game

Skill      XL: |  1  2  3  4  5 |
---------------+----------------+-----
Short Blades   | 3 4 5 |  5.2
Dodging        | 1 |  1.7
Fighting       | |  2.4
Armour         | |  2.4
Shields        | |  2.4

Action                   |  1- 3 |  4- 6 || total
-------------------------+-------+-------++-------
Melee: Rapier            |   111 |    73 ||   184
       Dagger            |    67 |    61 ||   128
  Use: Scroll            |     2 |     6 ||     8
       Potion            |     1 |     2 ||     3
  Eat: Chunk             |     2 |     2 ||     4
Armor: Scale mail        |    84 |    75 ||   159
Dodge: Dodged            |    41 |    29 ||    70
Block: Shield            |    77 |    64 ||   141
